 Dungeon Crawl Stone Soup version 0.30-a0-629-gd54f4be4f7 (webtiles) character file.

Game seed: 17186789484114453323

155 Newt the Trooper (level 5, 0/42 HPs)
             Began as a Demonspawn Gladiator on Jan 12, 2023.
             Was a Believer of Jiyva.
             Slain by an iguana (9 damage)
             ... on level 4 of the Dungeon.
             The game lasted 00:02:59 (1932 turns).

Newt the Trooper (Demonspawn Gladiator)             Turns: 1932, Time: 00:02:59

Health: 0/42       AC:  4    Str: 16    XL:     5   Next: 14%
Magic:  5/5        EV: 13    Int:  9    God:    Jiyva [**....]
Gold:   55         SH:  0    Dex: 17    Spells: 4/4 levels left

rFire   . . .      SeeInvis .    m - +2 dagger (vamp)
rCold   . . .      Faith    .    (no shield)
rNeg    + . .      Spirit   .    b - +0 leather armour
rPois   .          Reflect  .    (helmet restricted)
rElec   .          Harm     .    (no cloak)
rCorr   +          Rampage  .    f - +0 pair of gloves
Will    .....                    (no boots)
Stlth   +++                      (no amulet)
HPRegen 1.23/turn                j - ring of positive energy
MPRegen 0.39/turn                (no ring)

@: no status effects
A: antennae 1, thin skeletal structure 1
a: Renounce Religion


You were on level 4 of the Dungeon.
You worshipped Jiyva.
Jiyva was pleased with you.
You visited 1 branch of the dungeon, and saw 4 of its levels.

You collected 55 gold pieces.

Inventory:

Hand Weapons
 a - a +0 rapier
 m - a +2 vampiric dagger (weapon)
Missiles
 d - 3 throwing nets (quivered)
 e - a javelin
Armour
 b - a +0 leather armour (worn)
 c - a +0 helmet
 f - a +0 pair of gloves (worn)
Jewellery
 j - a ring of positive energy (left hand)
Scrolls
 l - a scroll of identify
 n - a scroll of amnesia {unknown}
 o - a scroll of noise {unknown}
Potions
 g - 3 potions of attraction
 h - a potion of might {unknown}
 i - a potion of lignification {unknown}
 k - a potion of degeneration {unknown}


   Skills:
 - Level 4.0 Fighting
 - Level 2.6 Short Blades
 - Level 1.7 Throwing
 + Level 3.1 Dodging
 - Level 3.0 Stealth


You had 4 spell levels left.
You didn't know any spells.
Your spell library contained the following spells:

 Spells                   Type           Power      Damage    Failure   Level
 Necrotise                Necr           0%         1d4       45%         1
 Vampiric Draining        Necr           0%         2d6       83%         3
 Agony                    Necr           0%         N/A       100%        5


Dungeon Overview and Level Annotations

Branches:
Dungeon (4/15)
 Temple: D:4-7

Altars:
Jiyva


Innate Abilities, Weirdness & Mutations

You have a pair of small antennae on your head.
You have a somewhat thin skeletal structure. (Dex +2, Stealth+)


Message History

You barely miss the iguana.
The iguana is lightly wounded.
The quokka barely misses you.
You hear a distant slurping noise.
The iguana bites you! The quokka barely misses you.
You are too injured to fight recklessly!
You are too injured to fight recklessly!
You are too injured to fight recklessly!
You are too injured to fight recklessly!
You are too injured to fight recklessly!
You are too injured to fight recklessly!
You are too injured to fight recklessly!
You are too injured to fight recklessly!
You are too injured to fight recklessly!
You are too injured to fight recklessly!
You are too injured to fight recklessly!
You are too injured to fight recklessly!
You are too injured to fight recklessly!
You are too injured to fight recklessly!
You are too injured to fight recklessly!
You are too injured to fight recklessly!
You are too injured to fight recklessly!
You are too injured to fight recklessly!
You are too injured to fight recklessly!
You are too injured to fight recklessly!
You are too injured to fight recklessly!
You are too injured to fight recklessly!
You are too injured to fight recklessly!
You hit the iguana.
The iguana is heavily wounded.
The iguana bites you!
* * * LOW HITPOINT WARNING * * *
The quokka bites you.
* * * LOW HITPOINT WARNING * * *
You hit the iguana.
You feel better.
The iguana is heavily wounded.
The quokka bites you.
* * * LOW HITPOINT WARNING * * *
The iguana bites you!
You die...

#.......## .
#........# ..
#..#...... ...
#..#.... . ....
#...... ...
#....#....##....
#..............#
#.l@r...#
#.......#
#.........#
##..........
..##....... ...
...J... ...#
....... ....
.......


You could see an iguana, a quokka and a neutral jelly (wandering) (fellow
slime).

Vanquished Creatures
  Pargi (D:3)
  An adder (D:3)
  2 worms
  3 dart slugs (D:3)
  3 ball pythons
  3 giant cockroaches
  4 goblins
  4 hobgoblins
  2 jackals (D:3)
  2 quokkas (D:1)
  5 bats
  A frilled lizard (D:2)
  7 kobolds
  2 rats
40 creatures vanquished.

Vanquished Creatures (others)
  A hound (D:3)
  A giant cockroach (D:4)
  2 ball pythons (D:4)
  A fungus (D:1)
5 creatures vanquished.

Grand Total: 45 creatures vanquished

Notes
Turn   | Place    | Note
-------+----------+-------------------------------------------
     0 | D:1      | Newt the Demonspawn Gladiator began the quest for the Orb.
     0 | D:1      | Reached XP level 1. HP: 16/16 MP: 1/1
   115 | D:1      | Reached skill level 1 in Stealth
   251 | D:1      | Gained mutation: You have a somewhat thin skeletal
                  | structure. (Dex +2, Stealth+) [demonic ancestry]
   251 | D:1      | Reached XP level 2. HP: 18/22 MP: 2/2
   326 | D:1      | Found a faded altar of an unknown god.
   455 | D:1      | Prayed at the altar of an unknown god.
   455 | D:1      | Became a worshipper of Jiyva Jugh the Shapeless
   455 | D:1      | Reached * piety under Jiyva
   755 | D:2      | Reached ** piety under Jiyva
   923 | D:2      | Reached XP level 3. HP: 27/27 MP: 3/3
  1735 | D:4      | Noticed Pargi
  1735 | D:4      | Reached *** piety under Jiyva
  1789 | D:3      | Killed Pargi
  1790 | D:3      | Reached skill level 4 in Fighting
  1790 | D:3      | Gained mutation: You have a pair of small antennae on your
                  | head. [demonic ancestry]
  1790 | D:3      | Reached XP level 4. HP: 28/37 MP: 4/4
  1790 | D:3      | Reached XP level 5. HP: 32/42 MP: 5/5
  1932 | D:4      | Slain by an iguana

Illustrated notes

Levels and vault maps discovered:
D:1:      dpeg_arrival_rhombus, layout_basic,
          shapermc_ecumenical_altar_mp_ritualfount
D:2:      layout_rooms
D:3:      layout_basic
D:4:      cheibrodos_barr_body, layout_cave_pools,
          gammafunk_temple_overflow_pools, mainiacjoe_overflow_catwalk_spiral,
          uniq_pargi

Skill      XL: |  1  2  3 |
---------------+----------+-----
Stealth        | 1 2 3 |  3.0
Fighting       | 4 |  4.0
Dodging        | 3 |  3.1
Short Blades   | |  2.6
Throwing       | |  1.7

Action                   |  1- 3 |  4- 6 || total
-------------------------+-------+-------++-------
Melee: Rapier            |    36 |       ||    36
       Dagger            |   148 |    28 ||   176
       Punch             |     1 |       ||     1
  Use: Scroll            |     3 |       ||     3
 Stab: Sleeping          |    13 |       ||    13
Armor: Leather armour    |    74 |     2 ||    76
Dodge: Dodged            |   155 |    12 ||   167

Table legend: (Time is in decaauts)
 A = Elapsed time spent in this place.
 B = Non-inter-level travel time spent in this place.
 C = Inter-level travel time spent in this place.
 D = Time resting spent in this place.
 E = Time spent auto-exploring this place.
 F = Levels seen in this place.
 G = Mean time per level.
                   A        B        C        D        E       F      G
               +--------+--------+--------+--------+--------+-----+--------+
         Total |   1913 |   1805 |    108 |    108 |   1298 |   4 |  478.2 |
       Dungeon |   1913 |   1805 |    108 |    108 |   1298 |   4 |  478.2 |
               +--------+--------+--------+--------+--------+-----+--------+

Top non-repeatable levels by time:
     D:3: 905 daAuts
     D:1: 622 daAuts
     D:2: 358 daAuts
     D:4: 26 daAuts
